 Dungeon Crawl Stone Soup version 0.26-a0-52-gd53d4cd058 (webtiles) character file.

Game seed: 10904168439761992144

46 MarredHen the Caller (level 3, 0/28 HPs)
             Began as a Tengu Summoner on June 5, 2020.
             Succumbed to an adder's poison
             ... on level 2 of the Dungeon.
             The game lasted 00:03:56 (1913 turns).

MarredHen the Caller (Tengu Summoner)               Turns: 1913, Time: 00:03:57

Health: 0/28       AC: 21    Str:  8    XL:     3   Next: 66%
Magic:  7/8        EV:  2    Int: 16    God:
Gold:   73         SH:  0    Dex: 14    Spells: 6/7 levels left

rFire    . . .     SeeInvis .   j - +0 dagger (holy)
rCold    . . .     Gourm    .   (no shield)
rNeg     + + +     Faith    .   (armour currently unavailable)
rPois    +         Spirit   .   (helmet currently unavailable)
rElec    .         Reflect  .   (cloak currently unavailable)
rCorr    .         Harm     .   (gloves currently unavailable)
MR       .....     NoTele   +   (boots unavailable)
Stlth    ++........             (no amulet)
HPRegen  0.09/turn              (no ring)
MPRegen  0.11/turn              (no ring)

@: mighty, lethally poisoned (0 -> -6), tree-form
A: no striking features
a: no special abilities


You were on level 2 of the Dungeon.
You were hungry.
You were a tree.
You visited 1 branch of the dungeon, and saw 2 of its levels.

You collected 73 gold pieces.

Inventory:

Hand Weapons
 j - a +0 dagger of holy wrath (weapon)
Armour
 a - a +0 robe
 e - a +0 robe (melded)
Scrolls
 d - a scroll of remove curse
 g - 2 scrolls of magic mapping
Potions
 i - a potion of lignification
Comestibles
 c - a ration


   Skills:
 + Level 0.2 Fighting
 + Level 0.4 Short Blades
 + Level 2.4 Dodging
 + Level 2.2 Stealth
 + Level 0.1 Unarmed Combat
 + Level 2.8 Spellcasting
 + Level 5.3 Summonings


You had 6 spell levels left.
You knew the following spells:

 Your Spells              Type           Power        Failure   Level  Hunger
a - Summon Small Mammal   Summ           ###.         2%          1    #......

Your spell library contained the following spells:

 Spells                   Type           Power        Failure   Level  Hunger
 Call Imp                 Summ           ###.....     3%          2    ##.....
 Call Canine Familiar     Summ           ###.....     6%          3    ###....
 Summon Guardian Golem    Hex/Summ       ##......     19%         3    ###....
 Summon Ice Beast         Ice/Summ       ##......     54%         4    #####..
 Summon Lightning Spire   Summ/Air       ##......     54%         4    #####..


Dungeon Overview and Level Annotations

Branches:
Dungeon (2/15)

Altars:
Vehumet


Innate Abilities, Weirdness & Mutations

((You have a beak for a mouth.))
((You have claws for feet.))


Message History

You feel very mighty all of a sudden.
Casting: Summon Small Mammal (safe; 2% risk of failure)
Confirm with . or Enter, or press ? or * to list all spells.
You don't know that spell.
As you read the scroll labeled ENUAKADYLL, it crumbles to dust.
You feel as if something is helping you.
It was a scroll of remove curse.
* * * LOW HITPOINT WARNING * * *
You feel sick.
Unknown command.
As you read the scroll labeled OPYBLY GOABEUDD, it crumbles to dust.
It is a scroll of identify.
g - 2 scrolls of magic mapping Unknown command.
As you read the scroll labeled XINAXE CORPH, it crumbles to dust.
You feel a strange sense of stasis.
It was a scroll of teleportation.
* * * LOW HITPOINT WARNING * * *
You feel sick.
Unknown command.
You die...

####### #......
####################)†....
.......rr♣................
#####...#####.######......
#..†# #.# #.§.... #...#
#.# ####### #...# #.# #)..
#.[.### #.# #...
#......##.###### #...
###.......#....####...
#.....#.#.##........


You could see a friendly quokka (summoned) and a friendly rat (summoned).

Vanquished Creatures
  A worm (D:2)
  A leopard gecko (D:1)
  2 giant cockroaches
  3 goblins
  2 hobgoblins
  6 frilled lizards (D:1)
  4 kobolds (D:1)
  3 rats (D:1)
22 creatures vanquished.

Vanquished Creatures (collateral kills)
  2 adders (D:2)
  A dart slug (D:1)
  A goblin (D:2)
  2 hobgoblins
  2 kobolds
  A bat (D:1)
  5 frilled lizards (D:1)
14 creatures vanquished.

Grand Total: 36 creatures vanquished

Notes
Turn   | Place    | Note
-------+----------+-------------------------------------------
     0 | D:1      | MarredHen the Tengu Summoner began the quest for the Orb.
     0 | D:1      | Reached XP level 1. HP: 10/10 MP: 4/4
    65 | D:1      | Reached skill level 5 in Summonings
    65 | D:1      | Reached XP level 2. HP: 14/15 MP: 0/6
  1234 | D:1      | Reached XP level 3. HP: 18/19 MP: 7/7
  1446 | D:2      | z?az?a
  1578 | D:2      | Found a radiant altar of Vehumet.
  1909 | D:2      | HP: 1/28 [poisoned by an adder]
  1913 | D:2      | Succumbed to an adder's poison

Illustrated notes

## #.
...#.#.##
.......@#
......S.#
..#..g..#
)......##
..##.## .
#. #


Turn 1446 on D:2: z?az?a

Levels and vault maps discovered:
D:1:      ebering_trefoil_3fold, layout_loops_corners, minmay_lizard_pond
D:2:      layout_basic, kennysheep_slug_shrine, vehumet_crystals, minitemple,
          overflow_temple_1_default

Skill      XL: |  1 |
---------------+----+-----
Summonings     | 5 |  5.3
Fighting       | |  0.2
Short Blades   | |  0.4
Dodging        | |  2.4
Stealth        | |  2.2
Unarmed Combat | |  0.1
Spellcasting   | |  2.8

Action                   || total
-------------------------++-------
Melee: Dagger            ||    63
       Unarmed           ||     4
       Kick              ||    14
       Peck              ||    11
 Cast: Summon Small Mamm ||    36
  Use: Scroll            ||     3
       Potion            ||     2
 Stab: Distracted        ||     1
  Eat: Chunk             ||     3
Armor: Robe              ||    11
Dodge: Dodged            ||    54

Table legend:
 A = Non-vault XP
 B = Vault XP
 C = Vault XP percentage of total XP
 D = Non-vault monster count
 E = Vault monster count
 F = Vault count percentage of total count
                 A         B        C        D         E       F
            +---------+---------+-------+---------+---------+-------
      Total |      57 |       9 |  13.6 |      27 |       9 |  25.0
            +---------+---------+-------+---------+---------+-------
        D:1 |      26 |       9 |  25.7 |      18 |       9 |  33.3
        D:2 |      31 |       0 |   0.0 |       9 |       0 |   0.0
            +---------+---------+-------+---------+---------+-------
